 Dungeon Crawl Stone Soup version 0.29.1-12-g30fa7ad0bf (webtiles) character file.

Game seed: 12684057719853311576

557 DemonSlayer the Magician (level 7, -2/48 HPs)
             Began as a Demonspawn Earth Elementalist on Jan 4, 2023.
             Slain by a black bear (4 damage)
             ... on level 6 of the Dungeon.
             The game lasted 00:06:56 (3677 turns).

DemonSlayer the Magician (DsEE)                     Turns: 3677, Time: 00:06:57

Health: -2/48      AC:  4    Str:  6 (9)  XL:     7   Next: 9%
Magic:  12/14      EV: 12    Int: 15 (18) God:
Gold:   186        SH:  0    Dex: 11 (13) Spells: 10/16 levels left

rFire   . . .      SeeInvis .   m - +0 war axe (flame)
rCold   . . .      Faith    .   (no shield)
rNeg    . . .      Spirit   .   a - +0 robe
rPois   .          Reflect  .   (no helmet)
rElec   .          Harm     .   (no cloak)
rCorr   .          Rampage  .   h - +0 pair of gloves
Will    .....                   (no boots)
Stlth   +.........              (no amulet)
HPRegen 0.16/turn               (no ring)
MPRegen 0.14/turn               (no ring)

@: mighty, brilliant, silenced
A: rugged brown scales 1, powered by pain 1, weakness stinger 1
a: no special abilities


You were on level 6 of the Dungeon.
You visited 1 branch of the dungeon, and saw 4 of its levels.

You collected 186 gold pieces.

Inventory:

Hand Weapons
 f - a +3 short sword
 m - a +0 war axe of flaming (weapon)
Armour
 a - a +0 robe (worn)
 h - a +0 pair of gloves (worn)
Wands
 q - a wand of quicksilver (3)
Scrolls
 c - 3 scrolls of butterflies
 d - 3 scrolls of identify
 g - a scroll of blinking {unknown}
 i - 2 scrolls of teleportation {unknown}
 j - 2 scrolls of enchant armour {unknown}
 k - a scroll of vulnerability {unknown}
 l - a scroll of magic mapping {unknown}
 n - 2 scrolls of silence
 o - a scroll of brand weapon {unknown}
 s - a scroll of poison {unknown}
Potions
 b - a potion of magic
 p - a potion of curing {unknown}
 r - a potion of brilliance


   Skills:
 + Level 0.7 Fighting
 + Level 0.7 Axes
 + Level 2.2 Dodging
 + Level 2.4 Stealth
 + Level 5.0 Spellcasting
 + Level 0.8 Transmutations
 + Level 5.0 Earth Magic
 + Level 0.4 Evocations


You had 10 spell levels left.
You knew the following spells:

 Your Spells              Type           Power      Damage    Failure   Level
a - Sandblast             Erth           56%        2d13      1%          1
b - Passwall              Tmut/Erth      15%        N/A       8%          2
c - Stone Arrow           Conj/Erth      34%        3d9       17%         3

Your spell library contained the following spells:

 Spells                   Type           Power      Damage    Failure   Level
 Petrify                  Tmut/Erth      18%        N/A       43%         4


Dungeon Overview and Level Annotations

Branches:
Dungeon (6/15)
 Temple: D:4-7

Altars:
Trog
Uskayaw


Innate Abilities, Weirdness & Mutations

You are partially covered in rugged brown scales. (AC +1, +3% HP)
You sometimes gain a little power by taking damage.
You have a small tail.


Message History

You slash the adder! You burn the adder.
You kill the adder!
You hit the black bear. You burn the black bear.
You feel sick.
You are no longer poisoned.
The black bear bites you. The black bear claws you. x2
The black bear closely misses you.
The black bear claws you but does no damage. x2
It was a potion of brilliance.
You feel clever all of a sudden. The black bear bites you.
The black bear completely misses you. The black bear misses you.
It was a potion of degeneration.
There was something very wrong with that liquid.
You feel weakened.
You feel dopey.
You feel clumsy. The black bear closely misses you. The black bear misses you.
The black bear claws you.
* * * LOW HITPOINT WARNING * * *
It was a potion of might.
You feel mightier all of a sudden. The black bear barely misses you.
The black bear claws you.
* * * LOW HITPOINT WARNING * * *
The black bear claws you.
* * * LOW HITPOINT WARNING * * *
You closely miss the black bear.
The black bear is severely wounded.
The black bear bites you.
* * * LOW HITPOINT WARNING * * *
The black bear barely misses you. x2
You barely miss the black bear.
The black bear is heavily wounded.
The black bear bites you.
* * * LOW HITPOINT WARNING * * *
The black bear claws you.
* * * LOW HITPOINT WARNING * * *
The black bear claws you.
* * * LOW HITPOINT WARNING * * *
The black bear misses you. The black bear claws you.
* * * LOW HITPOINT WARNING * * *
The black bear claws you.
You die...

#.............###.# ..
#............#.... . .
#.................
#.##.##.................
.....#........#........#
.........##.....#.....##
.........##.....#..#...#
...................##...
......)@................
......†h#.#........#..>.
.....>..####...#........
......... ....###.......
........# #...........).
##....... ....[##.....##
#.....#. ##.##..)#<##
...... . #.....#
##....##


You could see a black bear (unsilenced).

Vanquished Creatures
  A water moccasin (D:6)
  An ice beast (D:6)
  A black bear (D:6)
  A centaur (D:6)
  A jelly (D:6)
  4 gnolls (D:6)
  5 adders
  3 worms
  9 bats
  4 endoplasms
  2 giant cockroaches
  5 goblins
  5 hobgoblins
  5 jackals (D:1)
  2 quokkas
  3 ball pythons
  4 frilled lizards
  11 kobolds
  10 rats
77 creatures vanquished.

Notes
Turn   | Place    | Note
-------+----------+-------------------------------------------
     0 | D:1      | DemonSlayer the Demonspawn Earth Elementalist began the
                  | quest for the Orb.
     0 | D:1      | Reached XP level 1. HP: 13/13 MP: 3/3
   283 | D:1      | Gained mutation: You sometimes gain a little power by
                  | taking damage. [demonic ancestry]
   283 | D:1      | Reached XP level 2. HP: 16/19 MP: 0/5
   343 | D:1      | Learned a level 2 spell: Passwall
   665 | D:1      | Found a faded altar of an unknown god.
  1209 | D:1      | Gained mutation: You are partially covered in rugged brown
                  | scales. (AC +1, +3% HP) [demonic ancestry]
  1209 | D:1      | Reached XP level 3. HP: 19/24 MP: 2/6
  1453 | D:1      | Learned a level 3 spell: Stone Arrow
  1570 | D:2      | Found a hide-covered altar of Uskayaw.
  2554 | D:3      | Reached XP level 4. HP: 30/30 MP: 6/8
  2752 | D:3      | Found a bloodstained altar of Trog.
  3039 | D:3      | You fall into a shaft and drop 3 floors!
  3042 | D:6      | Noticed a water moccasin
  3047 | D:6      | Killed a water moccasin
  3048 | D:6      | Reached XP level 5. HP: 36/37 MP: 8/10
  3115 | D:6      | Noticed a black bear
  3123 | D:6      | Killed a black bear
  3124 | D:6      | Gained mutation: You have a small tail. [demonic ancestry]
  3124 | D:6      | Reached XP level 6. HP: 27/43 MP: 2/12
  3371 | D:6      | Noticed an ice beast
  3411 | D:6      | Killed an ice beast
  3671 | D:6      | Reached skill level 5 in Spellcasting
  3671 | D:6      | Reached skill level 5 in Earth Magic
  3671 | D:6      | Reached XP level 7. HP: 32/48 MP: 11/14
  3677 | D:6      | HP: 2/48 [black bear (1)]
  3677 | D:6      | Slain by a black bear

Illustrated notes

Levels and vault maps discovered:
D:1:      dpeg_arrival_tiny_f, layout_loops_corners,
          ebering_ecumenical_altar_webs, minmay_surrounded
D:2:      layout_loops_cross, basic_altar, minmay_box_of_dots
D:3:      layout_loops_cross, trog_book, minmay_goblin_outpost
D:6:      layout_cave_pools, gammafunk_ghost_gnarly_gnolls

Skill      XL: |  1  2  3  4  5  6 |
---------------+-------------------+-----
Earth Magic    | 3 4 5 |  5.0
Stealth        | 2 |  2.4
Dodging        | 2 |  2.2
Spellcasting   | 3 4 5 |  5.0
Fighting       | |  0.7
Axes           | |  0.7
Transmutations | |  0.8
Evocations     | |  0.4

Action                   |  1- 3 |  4- 6 |  7- 9 || total
-------------------------+-------+-------+-------++-------
Melee: Short sword       |    11 |       |       ||    11
       War axe           |     9 |     2 |     4 ||    15
       Punch             |     1 |       |       ||     1
 Cast: Sandblast         |    57 |    55 |       ||   112
Evoke: Wand              |       |     4 |       ||     4
  Use: Potion            |       |     4 |     3 ||     7
       Scroll            |       |     2 |       ||     2
 Stab: Sleeping          |     3 |       |       ||     3
Armor: Robe              |     9 |    21 |     3 ||    33
Dodge: Dodged            |    28 |    47 |    12 ||    87
